Map: Arctic Dream LE

Players

Akaboshi - Winner!

  • Race: Protoss Protoss
  • Spawn Location: 12:00

Kokocharo - Winner!

  • Race: Zerg Zerg
  • League: Diamond
  • Spawn Location: 11:00

RobotWizard

  • Race: Protoss Protoss
  • League: Bronze
  • Spawn Location: 5:00

Tacticaldumb

  • Race: Zerg Zerg
  • League: Silver
  • Spawn Location: 6:00

VOD

Have the link to the VOD?

Description

Time

  • Played on: Aug. 5, 2022, 2:35 p.m.
  • Length: 14:09
Show
View Real Time Build Order
Export as new Build Order

Akaboshi Protoss - Winner!

Build Orders: Carriers 

Get SALT Encoding   

  12  0:01  Probe (Chrono Boost)  
  13  0:11  Probe (Chrono Boost)  
  14  0:16  Probe (Chrono Boost)  
  15  0:24  Pylon  
  15  0:34  Assimilator  
  15  0:42  Probe  
  16  0:45  Gateway  
  16  0:54  Probe  
  17  0:57  Assimilator  
  17  1:18  Probe (Chrono Boost)  
  18  1:28  Probe (Chrono Boost)  
  19  1:33  Probe (Chrono Boost)  
  19  1:35  Cybernetics Core  
  19  1:38  Pylon  
  20  1:44  Probe  
  21  1:56  Probe  
  21  1:57  Nexus  
  22  2:05  Pylon  
  23  2:08  Probe  
  23  2:12  Warp Gate  
  23  2:13  Stalker  
  25  2:28  Pylon  
  25  2:31  Probe  
  26  2:43  Probe, Gateway  
  27  2:53  Stalker  
  27  2:55  Probe  
  30  3:07  Probe (Chrono Boost)  
  31  3:13  Twilight Council  
  31  3:15  Robotics Facility, Probe (Chrono Boost)  
  31  3:19  Probe (Chrono Boost)  
  33  3:26  Probe (Chrono Boost)  
  34  4:02  Stargate x2  
  34  4:08  Probe x2  
  36  4:10  Assimilator  
  36  4:13  Assimilator  
  36  4:14  Stalker  
  36  4:15  Pylon, Stalker  
  40  4:20  Probe  
  40  4:21  Probe  
  42  4:32  Probe  
  42  4:33  Probe  
  44  5:01  Probe (Chrono Boost)  
  45  5:12  Probe (Chrono Boost)  
  54  5:16  Void Ray  
  54  5:17  Probe (Chrono Boost), Void Ray  
  55  5:22  Blink  
  55  5:25  Zealot x2  
  55  5:28  Probe  
  60  5:40  Probe x2, Gateway  
  62  5:43  Gateway  
  62  5:46  Stalker x2  
  66  5:52  Probe x2  
  69  6:04  Probe  
  69  6:12  Pylon  
  69  6:17  Pylon  
  69  6:30  Nexus  
  76  6:34  Pylon  
  76  6:36  Pylon, Void Ray x2  
  65  6:49  Pylon  
  65  6:51  Stalker x2  
  65  6:52  Stalker x2  
  72  7:00  Probe (Chrono Boost)  
  73  7:09  Probe (Chrono Boost)  
  73  7:11  Probe (Chrono Boost)  
  75  7:16  Probe (Chrono Boost)  
  75  7:21  Probe (Chrono Boost)  
  75  7:23  Charge  
  75  7:28  Probe  
  77  7:32  Probe  
  86  7:38  Void Ray  
  86  7:39  Void Ray  
  86  7:41  Probe  
  87  7:44  Probe  
  88  7:53  Probe  
  89  8:01  Zealot  
  89  8:02  Zealot x3  
  89  8:05  Observer  
  98  8:15  Probe (Chrono Boost)  
  98  8:16  Probe (Chrono Boost)  
  100  8:21  Probe (Chrono Boost)  
  103  8:31  Probe (Chrono Boost)  
  103  8:32  Probe x2 (Chrono Boost)  
  104  8:36  Probe (Chrono Boost)  
  104  8:38  Probe x2  
  104  8:39  Assimilator  
  107  8:44  Assimilator  
  107  8:47  Probe  
  108  8:50  Pylon  
  108  8:59  Probe  
  109  9:07  Fleet Beacon  
  109  9:13  Probe  
  109  9:14  Probe x2, Stargate  
  109  9:15  Stargate  
  112  9:26  Probe x3  
  123  9:36  Void Ray x2  
  123  9:38  Probe x3  
  69  9:53  Stalker x3  
  69  9:54  Stalker  
  81  10:05  Void Ray  
  85  10:07  Void Ray  
  93  10:19  Void Ray x2  
  93  10:25  Stalker x2  
  93  10:26  Stalker x2  
  105  10:48  Void Ray  
  109  10:50  Void Ray  
  113  11:02  Void Ray  
  113  11:16  Assimilator  
  113  11:20  Assimilator  
  113  11:24  Pylon  
  113  11:27  Pylon  
  113  11:28  Nexus  
  113  11:40  Probe x3  
  116  11:47  Stalker  
  116  11:48  Stalker x3  
  116  11:52  Probe x3  
  116  11:54  Pylon  
  127  11:56  Pylon  
  127  11:57  Carrier x3, Pylon  
  127  11:59  Pylon  
  145  12:04  Probe x3  
  148  12:12  Carrier  
  128  12:48  Adept  
  128  12:49  Adept x2  
  128  12:50  Adept  
  136  13:01  Carrier x3  
  140  13:52  Stalker x4  
Show
View Real Time Build Order
Export as new Build Order

Kokocharo Zerg - Winner!

Build Orders: Hatch First 

Get SALT Encoding   

  12  0:04  Drone  
  13  0:13  Overlord  
  13  0:17  Drone  
  14  0:31  Drone x2  
  16  0:52  Hatchery  
  16  0:55  Drone  
  16  0:57  Drone  
  17  1:08  Extractor  
  16  1:13  Spawning Pool  
  15  1:18  Drone x2  
  15  1:22  Drone  
  18  1:34  Overlord  
  18  2:00  Zergling x4  
  20  2:01  Queen  
  20  2:04  Queen  
  24  2:14  Drone  
  24  2:15  Drone x3  
  28  2:39  Zergling x2  
  28  2:40  Zergling x6  
  32  2:52  Hatchery  
  32  2:56  Drone  
  32  2:57  Drone x2  
  34  3:01  Metabolic Boost  
  34  3:08  Drone  
  34  3:09  Drone  
  36  3:21  Overlord x2  
  36  3:35  Lair  
  36  3:49  Spore Crawler  
  36  3:53  Spore Crawler  
  33  4:04  Drone  
  33  4:05  Drone x8  
  33  4:06  Drone x3  
  45  4:11  Extractor  
  45  4:12  Extractor  
  45  4:16  Evolution Chamber x2  
  41  4:19  Roach Warren  
  41  4:20  Drone  
  41  4:24  Drone x2  
  41  4:31  Queen  
  45  4:39  Drone x3  
  45  4:44  Zerg Missile Weapons Level 1  
  48  4:50  Zerg Ground Armor Level 1  
  48  4:59  Drone x2  
  52  5:00  Drone x3  
  53  5:11  Spire  
  52  5:16  Overseer  
  52  5:39  Roach x3  
  58  5:45  Overlord x3  
  58  5:47  Extractor x2  
  56  6:05  Roach x13  
  56  6:07  Overlord  
  56  6:09  Overlord  
  82  6:16  Overlord x2  
  82  6:40  Mutalisk  
  82  6:41  Mutalisk x2  
  85  7:08  Mutalisk x3  
  85  7:09  Mutalisk  
  93  7:22  Drone x4  
  97  7:23  Drone x7  
  104  7:43  Mutalisk x3  
  104  7:44  Mutalisk  
  112  7:55  Zerg Flyer Weapons Level 1  
  112  7:57  Ravager  
  113  8:13  Hatchery  
  112  8:20  Hatchery  
  112  8:21  Zerg Missile Weapons Level 2  
  112  8:23  Zerg Ground Armor Level 2  
  112  8:24  Hatchery  
  110  8:31  Drone x4  
  114  8:56  Hydralisk Den  
  114  9:01  Hatchery  
  114  9:02  Glial Reconstitution  
  104  9:41  Hydralisk x2  
  104  9:42  Hydralisk x9  
  122  9:59  Muscular Augments  
  118  10:20  Hydralisk x3  
  118  10:21  Hydralisk x5  
  132  10:28  Overlord x3  
  132  10:29  Overlord  
  108  11:10  Grooved Spines  
  108  11:29  Hatchery, Hydralisk x4  
  108  11:30  Hydralisk x7  
  129  12:05  Overlord  
  129  12:06  Overlord x4  
  129  12:07  Overlord x2  
  121  12:31  Zergling x2  
  121  12:32  Zergling x28  
  132  12:55  Mutalisk  
  132  12:56  Hydralisk x5  
  144  13:18  Hydralisk  
  144  13:19  Hydralisk x13  
  154  13:20  Hydralisk x3  
Show
View Real Time Build Order
Export as new Build Order

RobotWizard Protoss 

Build Orders: 1 Gate Expand, Zealot Archon 

Get SALT Encoding   

  12  0:00  Probe  
  13  0:13  Probe  
  14  0:19  Pylon  
  14  0:25  Probe  
  15  0:37  Probe  
  15  0:40  Gateway  
  16  0:47  Assimilator  
  16  0:49  Probe  
  17  1:02  Probe (Chrono Boost)  
  19  1:13  Probe (Chrono Boost)  
  19  1:18  Probe (Chrono Boost)  
  20  1:29  Probe  
  21  1:38  Cybernetics Core  
  21  1:44  Nexus  
  21  1:48  Pylon  
  21  2:00  Probe  
  22  2:02  Assimilator  
  22  2:12  Warp Gate (Chrono Boost), Probe  
  23  2:25  Probe  
  23  2:28  Pylon  
  24  2:37  Stalker  
  24  2:44  Robotics Facility, Probe  
  27  2:56  Probe  
  27  2:58  Probe  
  29  3:04  Twilight Council  
  29  3:08  Probe  
  29  3:10  Probe  
  31  3:28  Gateway  
  31  3:29  Gateway  
  31  3:32  Pylon  
  31  3:35  Probe x2  
  31  3:36  Gateway  
  33  3:47  Probe  
  34  3:50  Shield Battery  
  34  3:54  Immortal  
  38  3:59  Zealot  
  40  4:04  Probe  
  40  4:05  Probe  
  42  4:10  Assimilator, Charge (Chrono Boost)  
  42  4:17  Probe x2  
  43  4:20  Pylon  
  44  4:24  Pylon  
  44  4:29  Assimilator, Probe x2  
  46  4:38  Gateway  
  46  4:41  Probe  
  46  4:43  Probe  
  48  4:49  Templar Archives  
  48  4:53  Probe  
  48  4:55  Probe  
  50  5:01  Pylon  
  50  5:05  Probe  
  51  5:07  Probe  
  51  5:10  Warp Prism  
  54  5:17  Probe  
  54  5:19  Probe  
  56  5:22  Zealot x3  
  62  5:38  Gateway  
  62  5:39  Gateway  
  62  5:41  Gateway  
  62  5:42  Psionic Storm  
  62  6:04  Nexus  
  62  6:06  Pylon  
  62  6:08  Pylon  
  62  6:22  Observer  
  63  6:26  Zealot x4  
  63  6:27  Zealot  
  73  6:35  Zealot x3  
  71  6:54  Stalker x8  
  75  6:57  Probe  
  75  6:58  Probe  
  81  7:01  Blink (Chrono Boost)  
  81  7:10  Probe x2  
  83  7:19  Stalker x3  
  83  7:22  High Templar, Probe x2  
  93  7:23  High Templar  
  93  7:24  High Templar  
  93  7:25  High Templar  
  93  7:27  Archon  
  99  7:30  Archon  
  99  7:34  Probe x2  
  101  7:44  Gateway  
  101  7:46  Probe x2  
  101  7:47  Gateway  
  101  7:50  Gateway  
  103  7:53  High Templar x4  
  103  7:57  Archon x2  
  111  7:58  Probe  
  111  7:59  Probe  
  111  8:03  Assimilator  
  113  8:05  Assimilator  
  113  8:09  Stalker x2  
  117  8:17  Pylon  
  117  8:20  Pylon  
  117  8:28  Forge  
  117  8:35  Probe x2  
  117  8:39  Pylon  
  117  8:40  Pylon  
  117  8:41  Pylon  
  119  8:42  Pylon  
  119  8:47  Probe  
  120  9:05  Zealot x3  
  120  9:06  Zealot x7  
  140  9:13  Stalker  
  134  9:24  Photon Cannon  
  134  9:26  Photon Cannon  
  134  9:29  Photon Cannon, Shield Battery  
  134  9:31  Photon Cannon  
  104  9:49  Stalker x6  
  86  10:12  Nexus  
  86  10:14  Pylon  
  87  10:26  Warp Prism  
  88  10:34  Stalker  
  66  10:46  High Templar x3  
  66  10:47  High Templar x2  
  66  10:48  High Templar  
  59  10:51  High Templar  
  59  10:53  Archon x2  
  59  10:54  Archon  
  59  11:08  Observer  
  59  11:10  Stalker x2  
  64  11:20  Robotics Bay  
  63  11:34  High Templar x5  
  63  11:38  Archon x2  
  63  11:39  Archon  
  73  11:41  Stalker  
  75  11:52  Assimilator  
  75  11:56  Assimilator  
  73  12:10  Stalker x3  
  73  12:11  Stalker  
  81  12:30  Stalker  
  81  12:31  Stalker x4  
  56  12:57  Zealot x4  
  56  12:58  Zealot x3  
  70  13:01  High Templar x2  
  70  13:02  High Templar  
  70  13:04  High Templar  
  72  13:29  Probe  
  72  13:31  Zealot x2  
  72  13:35  Archon  
  72  13:36  Archon  
  54  13:41  Probe  
  54  13:43  Stalker x2  
Show
View Real Time Build Order
Export as new Build Order

Tacticaldumb Zerg 

Build Orders: Pool First 

Get SALT Encoding   

  12  0:01  Drone  
  13  0:13  Overlord  
  13  0:17  Drone  
  14  0:31  Drone x2  
  16  0:43  Drone  
  16  0:49  Drone, Spawning Pool  
  17  1:13  Hatchery  
  17  1:15  Drone  
  17  1:18  Extractor  
  17  1:20  Drone  
  18  1:32  Drone  
  18  1:33  Drone  
  18  1:37  Queen  
  21  1:43  Overlord  
  21  1:55  Zergling x2  
  22  2:02  Overlord  
  22  2:12  Queen  
  24  2:16  Zergling x2  
  25  2:31  Queen  
  25  2:35  Drone x3  
  30  2:39  Metabolic Boost  
  30  2:59  Drone x4  
  34  3:08  Extractor  
  34  3:10  Drone x4  
  37  3:14  Extractor  
  37  3:15  Extractor  
  37  3:16  Lair  
  35  3:27  Roach Warren  
  34  3:38  Drone x2  
  34  3:40  Overlord x2  
  35  4:14  Roach x7  
  35  4:15  Roach  
  51  4:19  Overlord  
  51  4:20  Overlord  
  51  4:38  Overlord  
  51  4:39  Overlord  
  51  4:47  Glial Reconstitution  
  51  4:55  Overlord x2  
  51  4:58  Drone  
  52  5:02  Drone x3  
  55  5:38  Hydralisk Den, Drone x2  
  55  5:39  Drone x7  
  63  5:46  Drone x3  
  66  6:09  Muscular Augments  
  66  6:10  Hatchery  
  66  6:11  Hydralisk x6  
  77  6:56  Hydralisk  
  77  6:57  Hydralisk x2  
  83  7:02  Overlord x4  
  83  7:03  Overlord  
  83  7:20  Grooved Spines, Evolution Chamber  
  83  7:22  Drone x5, Evolution Chamber  
  86  7:23  Drone x3  
  89  7:45  Drone x7  
  96  7:52  Extractor x2  
  94  8:01  Infestation Pit  
  94  8:05  Hydralisk x3  
  93  8:06  Hydralisk x8  
  115  8:16  Spire  
  114  8:26  Hydralisk x7  
  116  8:31  Zerg Ground Armor Level 1  
  128  8:36  Zerg Missile Weapons Level 1  
  122  8:55  Hydralisk x3  
  122  8:59  Overlord x3  
  128  9:05  Hive  
  122  10:12  Drone x3  
  125  10:14  Drone x2  
  125  10:15  Drone  
  128  10:23  Corruptor  
  128  10:24  Corruptor x7  
  144  10:33  Greater Spire  
  144  10:37  Hatchery  
  143  10:43  Hydralisk x4  
  143  10:47  Overlord x2  
  151  11:36  Hatchery  
  151  11:37  Corruptor x3  
  151  11:38  Corruptor x5  
  166  11:41  Hatchery  
  165  11:49  Extractor  
  165  11:53  Extractor  
  99  12:29  Hydralisk x11  
  87  12:30  Hydralisk x7  
  121  12:39  Brood Lord  
  123  12:56  Brood Lord x2  
  128  13:05  Drone x2  
  128  13:06  Drone  
  128  13:10  Drone x3  
  133  13:17  Brood Lord x2  
  137  13:25  Hydralisk x4  
  145  13:29  Zergling x2  
Tags
 
Add a new tag
Caveats
  • Supply blocks, unpowered buildings, or Contaminate may cause inaccurate times.
  • Supply counts are checked every 10 seconds.